[Event "*** Titled Tuesday Blitz"]
[Site "Chess.com"]
[Date "2020.10.27"]
[Round "9"]
[White "dosto07"]
[Black "midedu"]
[Result "1-0"]
[WhiteElo "2337"]
[BlackElo "2022"]
[TimeControl "180+1"]
[EndTime "11:45:30 PDT"]
[Termination "dosto07 won on time"]

1. e4 c5 2. Nf3 Nc6 3. Bb5 g6 4. Bxc6 dxc6 5. d3 Bg7 6. h3 e5 7. Nc3 Qc7 8. Be3 b6 9. Qd2 h6 10. O-O Nf6 11. a3 Be6 12. b4 cxb4 13. axb4 Rd8 14.
b5 c5 15. Ra4 Rd7 16. Rfa1 Qb8 17. Qc1 Bf8 18. Qa3 c4 19. Qb2 cxd3 20. cxd3 Be7 21. d4 exd4 22. Nxd4 O-O 23. Nc6 Qd6 24. e5 Qd3 25.
Nxe7+ Rxe7 26. exf6 Rc7 27. Bd4 Rd8 28. Rd1 Qf5 29.
Qd2 Kh7 30. Qe3 Rdd7 31. Raa1 Rc4 32. Be5 Rxd1+ 33. Rxd1 g5 34. Qd3 Qxd3 35. Rxd3 Kg6 36. g4 Rc5 37. Bb8 Bc4 38. Rd6 Bxb5 39. Nxb5 Rxb5 40.
Bxa7 Rb1+ 41. Kg2 b5 42. Bd4 b4 43. Rd8 1-0

[Event "*** Titled Tuesday Blitz"]
[Site "Chess.com"]
[Date "2020.10.27"]
[Round "9"]
[White "Sibelephant"]
[Black "GM_Levan_Pantsulaia"]
[Result "1-0"]
[WhiteElo "3080"]
[BlackElo "2849"]
[TimeControl "180+1"]
[EndTime "11:45:31 PDT"]
[Termination "Sibelephant won by resignation"]

1. Nf3 c5 2. b3 b6 3. Bb2 Bb7 4. g3 Nf6 5. Bg2 e6 6. O-O Be7 7. c4 O-O 8. Nc3 d6 9. e3 a6 10.
Qe2 Nbd7 11. d4 cxd4 12. exd4 Re8 13. Rac1 Bf8 14. Rfd1 g6 15. Ne1 Bxg2 16. Nxg2 Qc7 17. Qf3 Rac8 18. Ne3 Bg7 19. a4 Qb8 20. Rc2 h5 21.
Re2 Nh7 22. Qf4 e5 23. dxe5 dxe5 24. Qe4 Nc5 25. Qc2 e4 26. Ncd5 Bxb2 27. Qxb2 Nd3 28.
Qc3 Re6 29. h4 b5 30. axb5 axb5 31. Qd4 Rd8 32. Ra1 bxc4 33. bxc4 Rde8 34. Rea2 Qe5 35. Qxe5 Nxe5 36. Nc7 Nf3+ 37. Kg2 Nf6 38. Nxe6 Rxe6 39. Ra6 1-0

[Event "*** Titled Tuesday Blitz"]
[Site "Chess.com"]
[Date "2020.10.27"]
[Round "9"]
[White "KaterynaLagno"]
[Black "Neftegor"]
[Result "1-0"]
[WhiteElo "2671"]
[BlackElo "2458"]
[TimeControl "180+1"]
[EndTime "11:45:32 PDT"]
[Termination "KaterynaLagno won by resignation"]

1. e4 c6 2. Nc3 d5 3. Nf3 Bg4 4. h3 Bxf3 5. Qxf3 e6 6. Be2 Nf6 7. O-O Nbd7 8. d4 dxe4 9. Nxe4 Nxe4 10. Qxe4 Nf6 11. Qd3 Qc7 12. Bf3 h6 13. c3 Bd6 14.
Qe2 O-O-O 15. b4 g5 16. b5 c5 17. Be3 Nd5 18. dxc5 Bxc5 19. Bxc5 Qxc5 20. c4 Nf4 21. Qe4 Rd7 22. Rfd1 Rhd8 23. Rxd7 Rxd7 24. Qh7 Qe5 25.
Rf1 Qf6 26. c5 Nxh3+ 27. Kh1 g4 28. Qg8+ Rd8 29. Qxg4 Ng5 30. Be2 h5 31. Qh4 Qf5 32.
c6 bxc6 33. bxc6 Ne4 34. Bf3 Nd2 35. c7 Rd7 36. Bc6 Rxc7 37. Rc1 Qg4 38. Qf6 Qg8 39. Qb2 Qd8 40. Bb7+ Kb8 41. Ba6+ Ka8 42. Rxc7 Qh4+ 43. Kg1 Nf3+ 44. gxf3 Qg5+ 45. Kf1 1-0

[Event "*** Titled Tuesday Blitz"]
[Site "Chess.com"]
[Date "2020.10.27"]
[Round "9"]
[White "QuintilianoR"]
[Black "Skat2704"]
[Result "1-0"]
[WhiteElo "2652"]
[BlackElo "2441"]
[TimeControl "180+1"]
[EndTime "11:45:34 PDT"]
[Termination "QuintilianoR won by resignation"]

1. d4 d5 2. c4 e6 3. Nc3 Nf6 4. Nf3 Be7 5. Bg5 h6 6. Bh4 O-O 7. e3 b6 8. Rc1 Bb7 9. Bxf6 Bxf6 10. cxd5 exd5 11. Bd3 c5 12. O-O Na6 13. a3 Nc7 14. Re1 Ne6 15. Bb1 Re8 16. dxc5 bxc5 17. Qd3 g6 18.
Rcd1 d4 19. Ne4 Bg7 20. exd4 cxd4 21. Qd2 Qb6 22. Ba2 Rad8 23. Ng3 Bxf3 24. gxf3 Ng5 25.
Kg2 Qb7 26. Qd3 Qxb2 27. Rd2 Qb7 28. Rb1 Qc6 29. Rc2 Qa8 30. Rc7 Ne6 31. Bxe6 Rxe6 32. Rbb7 Rf6 33. Ne4 Rf5 34. Qc4 Rf8 35. Nd6 Rf4 36.
Nxf7 R4xf7 37. Rxf7 1-0

[Event "*** Titled Tuesday Blitz"]
[Site "Chess.com"]
[Date "2020.10.27"]
[Round "9"]
[White "pastouche06"]
[Black "arminmusovic"]
[Result "1-0"]
[WhiteElo "2503"]
[BlackElo "2579"]
[TimeControl "180+1"]
[EndTime "11:45:35 PDT"]
[Termination "pastouche06 won by resignation"]

1. d4 d5 2. c4 c5 3. cxd5 e6 4. dxe6 Bxe6 5. Nf3 Nc6 6. e3 a6 7. Nc3 Nf6 8. Be2 Be7 9. O-O O-O 10. dxc5 Qa5 11. Nd4 Rfd8 12. Nxc6 bxc6 13. Qc2 Qxc5 14. e4 Rab8 15. Be3 Qb4 16. b3 Bd6 17. Rad1 Be5 18.
Na4 Nxe4 19. Rxd8+ Rxd8 20. Qxc6 Nf6 21. Qxa6 Qh4 22. g3 Qh3 23. Qa5 Rd5 24. Qa8+ Bc8 25. Bf3 Rd8 26. Nb6 Bc7 27. Bg2 Qe6 28. Nxc8 Rxc8 29.
Qb7 Be5 30. h3 Rb8 31. Qc6 Qxc6 32. Bxc6 h6 33. f4 Bc7 34. Bc5 Bb6 35. Bxb6 Rxb6 36. Rc1 g6 37. Rc3 Kg7 38. a4 Nh5 39. a5 Rb4 40. a6 1-0

[Event "*** Titled Tuesday Blitz"]
[Site "Chess.com"]
[Date "2020.10.27"]
[Round "9"]
[White "GregShahade"]
[Black "zverr1"]
[Result "1-0"]
[WhiteElo "2636"]
[BlackElo "2453"]
[TimeControl "180+1"]
[EndTime "11:45:36 PDT"]
[Termination "GregShahade won by resignation"]

1. e4 e6 2. d4 d5 3. Nd2 c5 4. exd5 exd5 5. Ngf3 Nc6 6. Bb5 Qe7+ 7. Be2 Qc7 8. O-O Nf6 9. Re1 cxd4 10. Nb3 Be7 11.
Nbxd4 O-O 12. Bg5 Bg4 13. Bh4 Qd7 14. Nxc6 bxc6 15. Ne5 Bxe2 16. Nxd7 Bxd1 17. Nxf8 Kxf8 18. Raxd1 Rb8 19. b3 Rb4 20. Bg3 Ne4 21. f3 Bc5+ 22. Kf1 Nxg3+ 23. hxg3 h5 24. c4 g6 25. cxd5 cxd5 26.
Rxd5 Bb6 27. Re4 Rxe4 28. fxe4 Ke7 29. Ke2 Ke6 30. Kf3 Bc7 31. g4 hxg4+ 32. Kxg4 f5+ 33.
Kf3 Be5 34. a4 Bc3 35. Rc5 Bb4 36. Rc6+ Ke5 37. exf5 gxf5 38. Ra6 Bc5 39. Ra5 Kd4 40. Kf4 Bb4 41. Rb5 Kc3 42. Kxf5 a5 43. g4 Kxb3 44. g5 Kxa4 45. Rb7 Bc3 46. g6 Ka3 47. Rc7 Kb2 48. Rxc3 a4 49. Rf3 a3 50. Rxa3 Kxa3 51. g7 Kb4 52. g8=Q Kc5 1-0

[Event "*** Titled Tuesday Blitz"]
[Site "Chess.com"]
[Date "2020.10.27"]
[Round "9"]
[White "TrickyFortem"]
[Black "Fischerev7"]
[Result "1/2-1/2"]
[WhiteElo "2545"]
[BlackElo "2423"]
[TimeControl "180+1"]
[EndTime "11:45:36 PDT"]
[Termination "Game drawn by repetition"]

1. c4 Nf6 2. b3 g6 3. Bb2 Bg7 4. e3 O-O 5. Be2 c5 6. h4 e6 7. h5 d5 8. hxg6 fxg6 9. cxd5 exd5 10. Nf3 Nc6 11. Qc2 Qd6 12. Nc3 Bf5 13. d3 c4 14.
bxc4 dxc4 15. Rd1 Nb4 16. Qa4 Nxd3+ 17. Bxd3 Bxd3 18. Qxc4+ Bxc4 19. Rxd6 Rfd8 20. Rd4 Rxd4 21. Nxd4 Nd5 22. Ne4 Nb4 23. Kd2 Bxa2 24. Ra1 Bd5 25. Nc5 Rc8 26. Ba3 a5 27. Bxb4 axb4 28. Nd3 b3 29. f3 Bxd4 30. exd4 Rc2+ 31. Ke3 Rxg2 32. Kf4 Rd2 33. Ke3 Rg2 34. Nf4 Ra2 35. Rb1 Bf7 36. d5 b2 37. d6 Be8 38. Nd5 Kf7 39. Nc3 Ra3 40. Kd4 Rb3 41. Ne4 Rb4+ 42. Kc3 Rb5 43. Rxb2 Rxb2 44. Kxb2 Bd7 45. Kc3 Ke6 46. Nc5+ Kxd6 47.
Nxb7+ Ke5 48. Kd3 Bf5+ 49. Ke3 h5 50. Nc5 h4 51. Kf2 Kf4 52. Nb3 g5 53. Nd4 Bd7 54. Ne2+ Kf5 55. Nd4+ Kf4 56. Ne2+ Ke5 57. Ng1 g4 58.
fxg4 Bxg4 59. Kg2 Kf4 60. Kh2 Kg5 61. Nh3+ Kh5 62. Ng1 Bf5 63. Nh3 Kg4 64. Ng1 Be4 65. Nh3 Bf5 66. Ng1 Bd3 67. Nh3 Bf1 68. Nf2+ Kf3 69. Nh3 Kg4 70. Nf2+ Kf4 71. Nh3+ Kg4 1/2-1/2

[Event "*** Titled Tuesday Blitz"]
[Site "Chess.com"]
[Date "2020.10.27"]
[Round "9"]
[White "Morshynska"]
[Black "Vamostodorecto"]
[Result "1-0"]
[WhiteElo "2214"]
[BlackElo "2324"]
[TimeControl "180+1"]
[EndTime "11:45:36 PDT"]
[Termination "Morshynska won by checkmate"]

1. Nf3 d5 2. g3 Nc6 3. d4 Bg4 4. Bg2 Qd7 5. h3 Bxf3 6. exf3 O-O-O 7. f4 h5 8. h4 Kb8 9. c3 f6 10. Be3 e5 11. dxe5 fxe5 12. fxe5 Nxe5 13. O-O Nc4 14. Bc1 Nf6 15. Nd2 Bc5 16. Nxc4 dxc4 17. Qf3 c6 18. Qf4+ Ka8 19. Qxc4 Bb6 20. Bg5 Rhf8 21. a4 a6 22. b4 Qd3 23. Qxd3 Rxd3 24. b5 cxb5 25. axb5 Ka7 26. bxa6 bxa6 27. Rfb1 Ng4 28. Be3 Nxe3 29. fxe3 Rxe3 30. Kh2 Rxc3 31. Ra4 Rf2 32. Re4 a5 33. Re7+ Ka6 34. Re6 a4 35. Rexb6+ Ka5 36. R1b5# 1-0

[Event "*** Titled Tuesday Blitz"]
[Site "Chess.com"]
[Date "2020.10.27"]
[Round "9"]
[White "OK97"]
[Black "Korchmar_Vasiliy"]
[Result "1-0"]
[WhiteElo "2804"]
[BlackElo "2613"]
[TimeControl "180+1"]
[EndTime "11:45:37 PDT"]
[Termination "OK97 won by resignation"]

1. e4 c5 2. Nf3 d6 3. d4 cxd4 4. Nxd4 Nf6 5. Nc3 Nc6 6. Bg5 e6 7. Qd2 a6 8. O-O-O h6 9. Be3 Be7 10. f3 Nxd4 11. Qxd4 b5 12. Kb1 Bb7 13. g4 d5 14. Qe5 Bd6 15. Qd4 e5 16. Qb6 Qxb6 17. Bxb6 d4 18. Ne2 a5 19. Ng3 Nd7 20. Bxb5 g6 21. Bxd4 exd4 22. Rxd4 Ke7 23. Rhd1 Rhd8 24. Rxd6 Ne5 25. Rxd8 Rxd8 26. Rxd8 Kxd8 27. Be2 Ke7 28. Kc1 Kf6 29. Kd2 Kg5 30. Ke3 Kh4 31. Bf1 Nc6 32. c3 Ne5 33. b3 Bc8 34. Ne2 f5 35. gxf5 gxf5 36. exf5 Bxf5 37. Kf4 Bb1 38. Kxe5 Bxa2 39. b4 a4 40. Nc1 Bf7 41. b5 1-0

[Event "*** Titled Tuesday Blitz"]
[Site "Chess.com"]
[Date "2020.10.27"]
[Round "9"]
[White "Fh2411"]
[Black "fireheart92"]
[Result "0-1"]
[WhiteElo "2522"]
[BlackElo "2845"]
[TimeControl "180+1"]
[EndTime "11:45:37 PDT"]
[Termination "fireheart92 won by checkmate"]

1. d4 Nf6 2. Nf3 g6 3. Bf4 Bg7 4. e3 O-O 5. Be2 d6 6. O-O Nfd7 7. c4 Nc6 8. Nc3 e5 9. Bg3 h6 10. Rc1 f5 11. h3 g5 12. Bh2 e4 13. Nd2 Nf6 14. Nd5 Nxd5 15. cxd5 Ne7 16. Qb3 Kh8 17. Rc2 c6 18. dxc6 bxc6 19. Qa3 Rf6 20. Nc4 f4 21. f3 Bf5 22. Rd2 Nd5 23. exf4 gxf4 24. fxe4 Bxe4 25. Bf3 Bxf3 26. Rxf3 Qd7 27. Kh1 Re8 28. Rf1 Re4 29. Qf3 Qe7 30. Rdd1 Re2 31. Rf2 Re3 32. Qh5 Re1+ 33. Rf1 Re2 34. Rd3 Rc2 35. b3 Ne3 36. Nxe3 fxe3 37. Re1 Qe4 38. Rdxe3 Qxg2# 0-1

[Event "*** Titled Tuesday Blitz"]
[Site "Chess.com"]
[Date "2020.10.27"]
[Round "9"]
[White "anon569"]
[Black "MoreChessJulia"]
[Result "0-1"]
[WhiteElo "2241"]
[BlackElo "2060"]
[TimeControl "180+1"]
[EndTime "11:45:38 PDT"]
[Termination "MoreChessJulia won on time"]

1. e4 g6 2. d4 Bg7 3. Nc3 c5 4.
dxc5 Bxc3+ 5. bxc3 Qa5 6. Qd4 Nf6 7. Qb4 Qc7 8. Be3 Nc6 9. Qa4 O-O 10. Bd3 Ne5 11. Ne2 Rd8 12. h3 Nh5 13. O-O d6 14.
cxd6 Rxd6 15. Nd4 Rf6 16. Qb3 Nf4 17. Bxf4 Rxf4 18. Ne2 Rf6 19. f4 Nd7 20. e5 Rb6 21. Qa3 Nc5 22. Nd4 e6 23. Rab1 Bd7 24. Kh1 a6 25. Rb4 Rc8 26. Ne2 Nxd3 27. cxd3 Bc6 28. Rd4 Rb5 29. c4 Ra5 30. Qb3 Rd8 31. Rb1 g5 32.
Rxd8+ Qxd8 33. d4 gxf4 34. Nxf4 Qxd4 35. Qg3+ Kf8 36. Rf1 Qxe5 0-1

[Event "*** Titled Tuesday Blitz"]
[Site "Chess.com"]
[Date "2020.10.27"]
[Round "9"]
[White "ChessAurochs"]
[Black "dpopadic"]
[Result "1-0"]
[WhiteElo "2549"]
[BlackElo "2393"]
[TimeControl "180+1"]
[EndTime "11:45:39 PDT"]
[Termination "ChessAurochs won by resignation"]

1. e4 c5 2. Nf3 Nc6 3. Bb5 e5 4. O-O d6 5. d3 Nf6 6. c3 Be7 7. Nbd2 O-O 8. h3 Bd7 9. Ba4 Qc7 10. Re1 h6 11. Nf1 Rfe8 12. Ne3 Bf8 13. Bd2 g6 14. b4 cxb4 15. cxb4 a6 16. Rc1 Qd8 17. Bb3 Be6 18.
Bxe6 Rxe6 19. Qb3 Kg7 20. Rc2 Re8 21. Rec1 Qd7 22. a4 Rec8 23. Nc4 Qd8 24. Be3 Nd7 25. b5 axb5 26. Qxb5 Rcb8 27. d4 exd4 28. Nxd4 Nxd4 29. Bxd4+ Kg8 30. Ba1 Qe7 31. Qb2 f6 32. Ne3 Bg7 33. Rc7 Qd8 34. Qb3+ Kh8 35. Qf7 Qf8 36.
Qxd7 Rxa4 37. Qxa4 b6 38. Qd7 Rd8 39. Qe7 1-0

[Event "*** Titled Tuesday Blitz"]
[Site "Chess.com"]
[Date "2020.10.27"]
[Round "9"]
[White "LuisFSiles"]
[Black "geordie_derraugh"]
[Result "0-1"]
[WhiteElo "2293"]
[BlackElo "2412"]
[TimeControl "180+1"]
[EndTime "11:45:39 PDT"]
[Termination "geordie_derraugh won on time"]

1. e4 c5 2. c3 d5 3. exd5 Qxd5 4. d4 g6 5. Nf3 Bg7 6. Be3 cxd4 7. cxd4 Nf6 8. Nc3 Qd8 9. Bc4 O-O 10. O-O Nc6 11.
d5 Na5 12. Be2 b6 13. Nd4 Bd7 14. b4 Nb7 15. Rc1 Rc8 16. Ba6 Rxc3 17. Rxc3 Nxd5 18.
Rc1 Nxe3 19. fxe3 Nd6 20. Be2 Bh6 21. Qb3 Ne4 22. Rfd1 Ba4 23. Qxa4 Bxe3+ 24. Kf1 Bxc1 25.
Nc6 Qc7 26. Bf3 Nd2+ 27. Ke2 Nxf3 28. Rxc1 Nxh2 29. Qxa7 Qf4 30. Nxe7+ Kg7 31. Qa3 Qe5+ 32. Qe3 Qxe3+ 33. Kxe3 Re8 34. Rc7 Kf6 35. Kf2 Rxe7 36. Rc4 h5 37. Rf4+ Ke5 38. a4 Kxf4 0-1

[Event "*** Titled Tuesday Blitz"]
[Site "Chess.com"]
[Date "2020.10.27"]
[Round "9"]
[White "Msb2"]
[Black "GukeshDommaraju"]
[Result "1-0"]
[WhiteElo "2919"]
[BlackElo "2825"]
[TimeControl "180+1"]
[EndTime "11:45:40 PDT"]
[Termination "Msb2 won by resignation"]

1. d4 d5 2. Nf3 Nf6 3. Bf4 c5 4. e3 Qb6 5. Nbd2 cxd4 6. exd4 Nc6 7.
Nb3 Bg4 8. c3 e6 9. h3 Bxf3 10.
Qxf3 a5 11. Rb1 a4 12. Nd2 Be7 13. Bd3 O-O 14. a3 h6 15. O-O Qd8 16. Rfe1 Bd6 17.
g4 Bxf4 18. Qxf4 Qb8 19. Qe3 b5 20. f4 Na5 21. Qg3 Nc4 22. Nf3 Qd6 23. Re2 Ne4 24.
Bxe4 dxe4 25. Rxe4 f5 26. gxf5 Rxf5 27. Rbe1 Raf8 28.
Rxe6 Qxf4 29. Qxf4 Rxf4 30. Ne5 Rf2 31. Nxc4 bxc4 32.
R1e2 Rf1+ 33. Kg2 Rb1 34. Rc6 Rb8 35. Rxc4 R8xb2 36. Rxb2 Rxb2+ 37. Kf3 Rb3 38. d5 Rxa3 39. Ke4 Ra1 40. Ke5 a3 41. Ra4 Kf7 42. c4 g5 43. c5 a2 44. Kd6 h5 45. c6 g4 46. hxg4 hxg4 47. c7 Rc1 48. Rxa2 g3 49. Rg2 Rc3 50. Rxg3 1-0

[Event "*** Titled Tuesday Blitz"]
[Site "Chess.com"]
[Date "2020.10.27"]
[Round "9"]
[White "paulrusan"]
[Black "LileKoridze"]
[Result "0-1"]
[WhiteElo "2223"]
[BlackElo "2380"]
[TimeControl "180+1"]
[EndTime "11:45:41 PDT"]
[Termination "LileKoridze won by checkmate"]

1. e4 c5 2. b4 cxb4 3. Bb2 d6 4.
d4 Nf6 5. Bd3 Nc6 6. Ne2 a5 7.
O-O e5 8. Nd2 Be7 9. h3 O-O 10.
Kh1 exd4 11. Nxd4 Nxd4 12. Bxd4 d5 13. e5 Nd7 14. f4 Nc5 15. f5 Nxd3 16. cxd3 f6 17.
g4 b6 18. Nf3 Ba6 19. Re1 fxe5 20. Nxe5 Bf6 21. Qd2 Re8 22. Nc6 Qd6 23. Rac1 Rxe1+ 24. Qxe1 Bxd4 25. Nxd4 Bxd3 26. Rc6 Be4+ 27. Kg1 Qe5 28.
Ne6 Re8 29. Qh4 Qa1+ 30. Kf2 Qxa2+ 31. Ke3 Qb3+ 32. Kf4 Qf3+ 33. Ke5 Qe2 34. Rc7 Bxf5+ 35. Kxf5 Qxe6+ 36. Kf4 Qe3+ 37. Kf5 Qe5# 0-1

[Event "*** Titled Tuesday Blitz"]
[Site "Chess.com"]
[Date "2020.10.27"]
[Round "9"]
[White "DrMamaliga"]
[Black "malakismayil"]
[Result "1-0"]
[WhiteElo "2348"]
[BlackElo "2246"]
[TimeControl "180+1"]
[EndTime "11:45:41 PDT"]
[Termination "DrMamaliga won on time"]

1. c4 e5 2. Nc3 Nf6 3. Nf3 Nc6 4. e3 Bb4 5. Qc2 d6 6. Nd5 Bc5 7. Be2 O-O 8. O-O Be6 9. Nxf6+ Qxf6 10. a3 a5 11. b3 e4 12. Bb2 Qg6 13. Nd4 f5 14. Qc3 Ne5 15. b4 Bxd4 16. Qxd4 Rf7 17. f4 Ng4 18. h3 Nf6 19. c5 Rd7 20. Bc4 Bxc4 21.
Qxc4+ d5 22. Qd4 c6 23. Bc3 a4 24. b5 Nh5 25. Rab1 Ng3 26. Rf2 Qh5 27. bxc6 bxc6 28. Kh2 Ne2 29. Qe5 Nxc3 30. dxc3 h6 31. Rfb2 Kh7 32.
Rb7 Qf7 33. R7b6 Rc8 34. Ra6 Rdc7 35. Rxa4 Re8 36. Qd4 Rb7 37. Rb6 Rc7 38. Raa6 Rec8 39.
a4 Qg6 40. Rb2 Qh5 41. Rab6 Qf7 42. a5 Ra7 43. Qa4 Rcc7 44. Rxc6 Qe8 45. Rbb6 1-0

[Event "*** Titled Tuesday Blitz"]
[Site "Chess.com"]
[Date "2020.10.27"]
[Round "9"]
[White "PawnEatingZombie"]
[Black "Nemsko"]
[Result "0-1"]
[WhiteElo "2170"]
[BlackElo "2329"]
[TimeControl "180+1"]
[EndTime "11:45:41 PDT"]
[Termination "Nemsko won on time"]

1. d4 Nf6 2. c4 e6 3. Nc3 b6 4. e4 d6 5. Nf3 Bb7 6. Bd3 Nbd7 7. O-O e5 8. d5 Be7 9. Bd2 O-O 10. b4 a5 11. a3 Kh8 12. Re1 Nh5 13. Bf1 g6 14.
Bh6 Ng7 15. Qd2 Nf6 16. h3 Ng8 17. Be3 f5 18. exf5 gxf5 19. Bg5 f4 20. Bxe7 Nxe7 21. Bd3 Nef5 22. Bxf5 Rxf5 23. Ne4 h6 24. Red1 Qe7 25. Rac1 Nh5 26. c5 Nf6 27. Nxf6 Qxf6 28. cxb6 e4 29.
Ne1 Rxd5 30. Qc2 Rxd1 31. Rxd1 cxb6 32. Qc7 Qg7 33. Qxd6 Rg8 34. Qxf4 e3 35. f3 axb4 36. Rc1 Rf8 37. Qxe3 bxa3 38. Qxa3 Bd5 39. Qe3 b5 0-1

[Event "*** Titled Tuesday Blitz"]
[Site "Chess.com"]
[Date "2020.10.27"]
[Round "9"]
[White "AIROPITO7"]
[Black "anon102030"]
[Result "1-0"]
[WhiteElo "2611"]
[BlackElo "2732"]
[TimeControl "180+1"]
[EndTime "11:45:43 PDT"]
[Termination "AIROPITO7 won on time"]

1. d4 Nf6 2. Nf3 d5 3. Bg5 e6 4. Nbd2 Be7 5. e3 c5 6. c3 Nc6 7. Bd3 h6 8. Bf4 O-O 9. h3 Bd6 10. Bxd6 Qxd6 11. Qa4 e5 12. dxe5 Nxe5 13. Nxe5 Qxe5 14.
Nf3 Qe7 15. O-O Bd7 16. Qa3 b6 17. Rad1 Rfe8 18. Bc2 Bc6 19. Ba4 b5 20. Bc2 a5 21. b3 d4 22. cxd4 Bxf3 23. gxf3 Qd7 24. Qxc5 Qxh3 25. Qf5 Qh4 26. Kg2 g6 27. Qh3 Qxh3+ 28.
Kxh3 Rac8 29. Rc1 Rc3 30. Be4 Rec8 31. Rxc3 Rxc3 32. Kg3 Ne8 33. Kf4 Kg7 34. Ke5 a4 35.
bxa4 bxa4 36. Rb1 Ra3 37. Rb7 Nf6 38. Bc6 Rxa2 39. d5 a3 40. d6 Rd2 41. Ra7 a2 42. e4 h5 43. Bd5 Nxd5 44. exd5 Re2+ 45. Kf4 Re8 46. Rxa2 Rd8 47. Ke5 Re8+ 48. Kd4 Kf6 49. Kc5 Rc8+ 50. Kb6 Ke5 51. d7 Rf8 52. Re2+ Kd6 53.
Re8 Kxd5 54. Rxf8 1-0

[Event "*** Titled Tuesday Blitz"]
[Site "Chess.com"]
[Date "2020.10.27"]
[Round "9"]
[White "infinitegiantkiller"]
[Black "AldokhinIvan"]
[Result "1-0"]
[WhiteElo "2439"]
[BlackElo "2556"]
[TimeControl "180+1"]
[EndTime "11:45:43 PDT"]
[Termination "infinitegiantkiller won on time"]

1. d4 Nf6 2. c4 g6 3. Nc3 Bg7 4. e4 d6 5. Nge2 O-O 6. f3 c5 7. Be3 cxd4 8. Nxd4 Nc6 9. Qd2 Bd7 10. Be2 a6 11. O-O Re8 12. Rac1 Rc8 13. Nxc6 Bxc6 14. Rc2 Nd7 15. Rfc1 Ne5 16. f4 Nd7 17. Bd4 e5 18. Be3 exf4 19. Bxf4 Ne5 20. Nd5 Bxd5 21. cxd5 Rxc2 22.
Qxc2 Qb6+ 23. Kh1 h5 24. h3 Qf2 25. Bf3 Qd4 26. Rf1 b5 27. b3 Nd3 28. Bxd6 Be5 29.
Bxe5 Nxe5 30. Rd1 Qe3 31. Qe2 Qxe2 32. Bxe2 Rc8 33. d6 Kf8 34. a4 Rc2 35. Bf1 Ke8 36.
axb5 axb5 37. Bxb5+ Kd8 38. Ra1 Rc8 39. Ra7 Rb8 40.
Ba4 g5 41. Re7 1-0

[Event "*** Titled Tuesday Blitz"]
[Site "Chess.com"]
[Date "2020.10.27"]
[Round "9"]
[White "Deepweb2020"]
[Black "Roza_Idrisova"]
[Result "1-0"]
[WhiteElo "2231"]
[BlackElo "2186"]
[TimeControl "180+1"]
[EndTime "11:45:43 PDT"]
[Termination "Deepweb2020 won on time"]

1. d4 d5 2. c4 c6 3. cxd5 cxd5 4.
Nc3 Nc6 5. Bf4 Nf6 6. e3 Bf5 7.
Bd3 Bxd3 8. Qxd3 e6 9. a3 Bd6 10. Bxd6 Qxd6 11. f4 O-O 12. Nf3 a6 13. O-O b5 14. b4 Rfc8 15. Nd2 g6 16. Nb3 Nd7 17. Nc5 Nb6 18. g4 Nc4 19. f5 exf5 20. gxf5 Re8 21. Rae1 Nxa3 22. Nxd5 Qxd5 23. Qxa3 a5 24. Qd3 axb4 25.
Qxb5 Ra2 26. Re2 Rxe2 27. Qxe2 Nxd4 28. Qd3 Nf3+ 29. Kf2 Qxc5 30. Kxf3 Qe5 31. fxg6 hxg6 32. Kg2 Qg5+ 33. Kf3 Re6 34. Ke2 Qh5+ 35. Rf3 Qxh2+ 36.
Rf2 Qh5+ 37. Ke1 1-0

[Event "*** Titled Tuesday Blitz"]
[Site "Chess.com"]
[Date "2020.10.27"]
[Round "9"]
[White "ArjunErigaisi2003"]
[Black "Zhigalko_Sergei"]
[Result "0-1"]
[WhiteElo "2990"]
[BlackElo "2920"]
[TimeControl "180+1"]
[EndTime "11:45:44 PDT"]
[Termination "Zhigalko_Sergei won by resignation"]

1. c4 e5 2. Nc3 Nf6 3. e3 Nc6 4. Nf3 Bb4 5. Nd5 Ba5 6. a3 e4 7.
b4 Bb6 8. Nxb6 axb6 9. Nd4 Nxb4 10. Bb2 Nc6 11. Nf5 Ra5 12. g4 O-O 13. Bc3 Rc5 14. Rg1 Ne5 15. Be2 d6 16. Bd4 Ra5 17. Bc3 Rc5 18.
Bd4 Bxf5 19. gxf5 Qd7 20. Bxc5 bxc5 21. d4 cxd4 22. exd4 Nc6 23. Bg4 d5 24. c5 Ra8 25.
Qd2 Ra4 26. Bd1 Rxd4 27. Rxg7+ Kxg7 28. Qg5+ Kf8 29. Qxf6 Qd8 30. Qh6+ Ke8 31. Rb1 Qe7 32. Rxb7 Qxc5 33. Rxc7 Qc3+ 34. Ke2 Qf3+ 0-1

[Event "*** Titled Tuesday Blitz"]
[Site "Chess.com"]
[Date "2020.10.27"]
[Round "9"]
[White "Supernotar"]
[Black "Ginger_GM"]
[Result "1-0"]
[WhiteElo "2861"]
[BlackElo "2601"]
[TimeControl "180+1"]
[EndTime "11:45:48 PDT"]
[Termination "Supernotar won by resignation"]

1. d4 e6 2. c4 f5 3. Nf3 Nf6 4. g3 Be7 5. Bg2 O-O 6. O-O d6 7. Nc3 Ne4 8. Nxe4 fxe4 9. Nd2 d5 10. f3 Nc6 11. e3 exf3 12. Nxf3 b6 13. b3 Bb7 14.
Bb2 a5 15. a4 Bf6 16. Rc1 Nb4 17. Qe2 c5 18. Rfd1 Qe7 19. Kh1 Kh8 20. Ne5 Bxe5 21. dxe5 Rad8 22. cxd5 Bxd5 23. e4 Bxb3 24. Rd6 Rxd6 25.
exd6 Qxd6 26. Qe3 Nd3 27. Rf1 Nxb2 28. Rxf8+ Qxf8 29. Qxb3 Qf2 30. h4 c4 31. Qb5 h6 32.
e5 Nd3 33. Qe8+ Kh7 34. Be4+ Qf5 35. Bxf5+ exf5 36. Qc8 Kg6 37. Qxc4 Nf2+ 38. Kg2 Ng4 39. Qc6+ Kh5 40. Qxb6 g5 41. hxg5 hxg5 42. e6 Nf6 43. e7 f4 44. gxf4 gxf4 45. Qxf6 f3+ 46. Kf1 1-0

[Event "*** Titled Tuesday Blitz"]
[Site "Chess.com"]
[Date "2020.10.27"]
[Round "9"]
[White "eljanov"]
[Black "esapunov"]
[Result "0-1"]
[WhiteElo "2859"]
[BlackElo "2700"]
[TimeControl "180+1"]
[EndTime "11:45:50 PDT"]
[Termination "esapunov won on time"]

1. e4 c5 2. Nf3 d6 3. Bb5+ Bd7 4. Bxd7+ Qxd7 5. c4 Nc6 6. Nc3 g6 7. d4 cxd4 8. Nxd4 Bg7 9. Be3 Nf6 10. f3 O-O 11.
O-O a6 12. Qd3 Rac8 13. b3 e6 14. Nxc6 Rxc6 15. a4 Qe7 16. a5 Nd7 17. Qd2 Rfc8 18. Bd4 Nc5 19. Rfb1 Bxd4+ 20. Qxd4 Qg5 21. Ne2 e5 22.
Qf2 Nd3 23. h4 Qh6 24. Qg3 Qe3+ 25. Kf1 b6 26. Nc3 Nf4 27. Nd5 Qd3+ 28. Kf2 Qd4+ 29. Kf1 Rxc4 30. Rd1 Rc1 31. Raxc1 Rxc1 32. Rxc1 Qd3+ 33.
Kg1 Ne2+ 34. Kh2 Nxg3 35. Kxg3 bxa5 36. Rc3 Qb5 37. h5 Kg7 38. Rc7 gxh5 39. Ne7 Qxb3 40. Nf5+ Kg6 41. Rd7 Kg5 0-1

[Event "*** Titled Tuesday Blitz"]
[Site "Chess.com"]
[Date "2020.10.27"]
[Round "9"]
[White "Paladin61"]
[Black "Th3_Hound"]
[Result "0-1"]
[WhiteElo "2587"]
[BlackElo "2510"]
[TimeControl "180+1"]
[EndTime "11:45:50 PDT"]
[Termination "Th3_Hound won by checkmate"]

1. b3 Nf6 2. Bb2 g6 3. Bxf6 exf6 4. c4 Bg7 5. Nc3 O-O 6. g3 d6 7. e3 f5 8. Nge2 Nd7 9. d4 a6 10. Bg2 Rb8 11. Qd3 Nf6 12. O-O Re8 13. b4 c6 14. a4 Bd7 15. a5 Qe7 16. Na4 d5 17.
Nb6 dxc4 18. Qxc4 Be6 19. Qc5 Qd8 20. Nf4 Bf8 21. Qc3 Nd7 22. Na4 Nf6 23. Nc5 Bd5 24. Nxd5 Nxd5 25. Qc4 Nf6 26. Rfd1 Qc7 27. Ra2 Rbd8 28. Rad2 Nd5 29. Bf3 h5 30. Kg2 Rxe3 31.
Nxa6 Qe7 32. Nc5 Rxf3 33. Kxf3 Qg5 34. h3 h4 35. Re2 hxg3 36. fxg3 Bd6 37. Rg1 Qh5+ 38.
Kg2 f4 39. Qb3 Qxe2+ 40. Kh1 fxg3 41. Rg2 Qf1+ 42. Rg1 Qxh3# 0-1

[Event "*** Titled Tuesday Blitz"]
[Site "Chess.com"]
[Date "2020.10.27"]
[Round "9"]
[White "Mimsychess"]
[Black "BlackBoarder"]
[Result "0-1"]
[WhiteElo "2326"]
[BlackElo "2566"]
[TimeControl "180+1"]
[EndTime "11:45:52 PDT"]
[Termination "BlackBoarder won by resignation"]

1. Nf3 Nf6 2. c4 e6 3. g3 d5 4. d4 dxc4 5. Bg2 a6 6. O-O Nc6 7. e3 Rb8 8. Qe2 b5 9. Rd1 Be7 10. e4 O-O 11. d5 exd5 12. exd5 Nb4 13. Nc3 Bb7 14. Ne5 Re8 15. a3 Bd6 16. axb4 Rxe5 17. Qc2 Bxb4 18. Bf4 Re8 19. d6 Bxd6 20. Bxb7 Rxb7 21.
Rxa6 b4 22. Na4 c3 23. Bxd6 cxd6 24. Raxd6 Qa8 25. Nc5 Rc7 26. Nb3 h6 27. h3 Qf3 28.
Nd4 Qb7 29. bxc3 bxc3 30. Rb1 Qa8 31. Nf5 Qa5 32. Rxf6 gxf6 33. Nxh6+ Kg7 34. Nf5+ Kg8 35. Nh6+ Kg7 36. Nf5+ Kf8 37. Qc1 Qxf5 38. Qh6+ Kg8 39. Rc1 c2 40. Kh2 Rb7 41. Qd2 Rc8 42. h4 Rb1 43. h5 Rxc1 44. Qxc1 Qxh5+ 45. Kg2 Qd1 0-1